 Dungeon Crawl Stone Soup version 0.23.1 (webtiles) character file.

Game seed: 8299401492044090988

1155 Borgoz the Ducker (level 8, -5/67 HPs)
             Began as a Ghoul Monk on Mar 8, 2019.
             Was a Believer of Lugonu.
             Killed by divine providence
             ... invoked by an orc priest
              (13 damage)
             ... on level 5 of the Dungeon.
             The game lasted 00:06:32 (4363 turns).

Borgoz the Ducker (Ghoul Monk)                      Turns: 4363, Time: 00:06:33

Health: -5/67      AC:  7    Str: 13 (16) XL:     8   Next: 39%
Magic:  8/8        EV: 19    Int:  1 (6)  God:    Lugonu [**....]
Gold:   155        SH:  0    Dex: 13 (16) Spells: 7/7 levels left

rFire    + . .     SeeInvis .   e - +2 dagger (venom)
rCold    . . .     Gourm    .   (no shield)
rNeg     + + +     Faith    .   a - +0 robe
rPois    ∞         Spirit   .   g - +0 helmet
rElec    .         Reflect  .   w - +0 cloak
rCorr    .         Harm     .   (no gloves)
MR       +....                  t - +2 pair of boots
Stlth    ++++......             (no amulet)
HPRegen  0.00/turn              f - ring of protection from magic
MPRegen  0.11/turn              k - ring of fire

@: agile, rotting, hasted, very quick
A: rotting body, claws 1, carnivore, cold resistance 1, negative energy
resistance 3, inhibited regeneration, torment resistance, unbreathing
a: Depart the Abyss, Bend Space, Renounce Religion


You were on level 5 of the Dungeon.
You worshipped Lugonu.
Lugonu was pleased with you.
You were not hungry.

You visited 2 branches of the dungeon, and saw 6 of its levels.

You collected 155 gold pieces.

Inventory:

Hand Weapons
 e - a +2 dagger of venom (weapon)
Missiles
 r - 3 tomahawks (quivered)
Armour
 a - a +0 robe (worn)
 g - a +0 helmet (worn)
 q - a +0 scale mail
 t - a +2 pair of boots (worn)
 w - a +0 cloak (worn)
Jewellery
 f - a ring of protection from magic (left claw)
 k - a ring of fire (right claw)
Wands
 m - a wand of clouds (5)
Scrolls
 c - 3 scrolls of identify {unknown}
 d - 3 scrolls of teleportation {unknown}
 l - 3 scrolls of remove curse {unknown}
 o - a scroll of fog {unknown}
 u - 6 scrolls of random uselessness {unknown}
 v - a scroll of magic mapping {unknown}
 y - 3 scrolls of enchant armour {unknown}
Potions
 h - a potion of agility
 n - a potion of might
 p - a potion of mutation
Comestibles
 b - 11 rations


   Skills:
 + Level 4.8 Fighting
 * Level 4.1 Short Blades
 * Level 4.1 Armour
 * Level 5.1 Dodging
 + Level 4.3 Stealth
 - Level 3.3 Unarmed Combat
 + Level 1.8 Invocations


You had 7 spell levels left.
You didn't know any spells.
Your spell library was empty.

Dungeon Overview and Level Annotations

Branches:
Dungeon (5/15)             Temple (1/1) D:4

Altars:
Ashenzari
Cheibriados
Elyvilon
Fedhas
Gozag
Hepliaklqana
Kikubaaqudgha
Nemelex Xobeh
Okawaru
Trog
Uskayaw
Wu Jian
The Shining One
Lugonu


Innate Abilities, Weirdness & Mutations

Your body is rotting away.
You thrive on raw meat.
You are immune to poison.
You have sharp fingernails.
You are carnivorous and can eat meat at any time.
Your flesh is cold resistant. (rC+)
You are immune to negative energy. (rN+++)
You do not regenerate when monsters are visible.
You are immune to unholy pain and torment.
You can survive without breathing.


Message History

* * * LOW HITPOINT WARNING * * *
You feel better. Something hits you but does no damage. The orc misses you.
The orc priest begins to cast a cantrip, but forgets the words!
You feel agile all of a sudden. Something closely misses you.
The orc completely misses you.
It was a potion of degeneration.
There was something very wrong with that liquid.
You feel weakened.
You feel dopey.
You feel clumsy. Something hits you but does no damage.
The orc closely misses you.
You cannot mutate.
It was a potion of magic.
Magic courses through your body. Something closely misses you.
The orc completely misses you.
It was a potion of haste.
You feel yourself speed up.
You hear some strange, mumbled words.
A puff of flame appears from out of thin air!
The puff of flame hits you. You resist.
* * * LOW HITPOINT WARNING * * *
The orc priest mumbles some strange prayers to Beogh against you.
Beogh smites you!
You die...

#. #.# #.# #.# #
#.##########
#.#..@.......#
#.#.##{#####.
#.....lo###
###.##o...#
#.###[#.########
#...#.#.........
#.###...........
####.#
###.........
#....#
#.........


You could see an iguana, an orc priest and an orc.

Vanquished Creatures
  Pikel (D:4)
  Edmund (D:4)
  2 slaves (D:4)
  A phantom (D:4)
  An ogre (D:4)
  Blork the orc (D:4)
  2 howler monkeys (D:4)
  A centaur skeleton (D:4)
  2 orc priests (D:4)
  A hound (D:4)
  4 adders
  4 gnolls (D:3)
  An ooze (D:4)
  An adder skeleton (D:4)
  3 worms
  2 dart slugs
  3 leopard geckos (D:3)
  3 orcs (D:4)
  3 giant cockroaches (D:2)
  4 hobgoblins
  3 jackals
  6 kobolds
  2 quokkas
  2 ball pythons
  15 bats
  11 frilled lizards
  10 goblins
  6 rats
96 creatures vanquished.

Notes
Turn   | Place    | Note
-------+----------+-------------------------------------------
     0 | D:1      | Borgoz the Ghoul Monk began the quest for the Orb.
     0 | D:1      | Reached XP level 1. HP: 19/19 MP: 0/0
   109 | D:1      | Reached XP level 2. HP: 26/26 MP: 1/1
   679 | D:1      | Reached skill level 3 in Dodging
   745 | D:2      | Reached skill level 1 in Short Blades
   745 | D:2      | Reached skill level 1 in Armour
   745 | D:2      | Reached XP level 3. HP: 17/31 MP: 2/2
  1186 | D:2      | Reached XP level 4. HP: 20/38 MP: 3/3
  1912 | D:3      | Reached XP level 5. HP: 4/45 MP: 4/4
  2544 | D:4      | Found a shattered altar of Ashenzari.
  2547 | D:4      | Found a glowing golden altar of the Shining One.
  2550 | D:4      | Found a hazy altar of Hepliaklqana.
  2553 | D:4      | Found a hide-covered altar of Uskayaw.
  2617 | D:4      | Found a blossoming altar of Fedhas.
  2656 | D:4      | Noticed Blork the orc
  2660 | D:4      | Noticed an ogre
  2671 | D:4      | Killed Blork the orc
  2671 | D:4      | Reached XP level 6. HP: 10/52 MP: 5/5
  2684 | D:4      | Reached skill level 4 in Dodging
  2805 | D:4      | Noticed Edmund
  2828 | D:4      | Killed Edmund
  2828 | D:4      | Reached XP level 7. HP: 10/59 MP: 6/6
  3061 | D:4      | Found a staircase to the Ecumenical Temple.
  3150 | Temple   | Entered the Ecumenical Temple
  3197 | Temple   | Became a worshipper of Lugonu the Unformed
  3197 | Temple   | Reached * piety under Lugonu
  3197 | Temple   | Reached ** piety under Lugonu
  3385 | D:4      | Noticed Pikel
  3413 | D:4      | Killed Pikel
  3413 | D:4      | Reached skill level 5 in Dodging
  3413 | D:4      | Reached skill level 1 in Invocations
  3413 | D:4      | Reached XP level 8. HP: 7/66 MP: 6/8
  4297 | D:5      | Entered Level 5 of the Dungeon
  4358 | D:5      | HP: 3/67 [orc/+0 trident (2)]
  4363 | D:5      | Killed from afar by an orc priest

Skill      XL: |  1  2  3  4  5  6  7 |
---------------+----------------------+-----
Dodging        | 3 4 5 |  5.1
Short Blades   | 1 2 3 4 |  4.1
Armour         | 1 2 3 4 |  4.1
Stealth        | 3 4 |  4.3
Fighting       | 4 |  4.8
Invocations    | 1 |  1.8
Unarmed Combat | |  3.3

Action                   |  1- 3 |  4- 6 |  7- 9 || total
-------------------------+-------+-------+-------++-------
Melee: Unarmed           |    13 |       |       ||    13
       Dagger            |    90 |   139 |   121 ||   350
       Punch             |       |     2 |       ||     2
  Use: Potion            |       |     3 |     7 ||    10
 Stab: Sleeping          |     4 |     6 |     2 ||    12
       Distracted        |     1 |       |       ||     1
  Eat: Chunk             |    11 |     8 |     7 ||    26
Armor: Robe              |    28 |    45 |    28 ||   101
Dodge: Dodged            |    71 |    95 |    65 ||   231
